 Dungeon Crawl Stone Soup version 0.30-a0-627-gc11e7ae810 (webtiles) character file.

Game seed: 6149939119947885388

43336 Dartaoz the Carver (level 13, -7/129 HPs)
             Began as a Demonspawn Fighter on Jan 12, 2023.
             Was a High Priest of Trog.
             Mangled by a spriggan rider
             ... wielding a +0 spear
              (20 damage)
             ... on level 5 of the Lair of Beasts.
             The game lasted 00:46:37 (17267 turns).

Dartaoz the Carver (Demonspawn Fighter)            Turns: 17267, Time: 00:46:37

Health: -7/129     AC: 23    Str: 16    XL:     13   Next: 90%
Magic:  13/13      EV: 12    Int: 10    God:    Trog [*****.]
Gold:   1230       SH:  0    Dex: 18    Spells: 12/12 levels left

rFire   . . .      SeeInvis .    p - +0 triple sword (spect)
rCold   . . .      Faith    .    (shield currently unavailable)
rNeg    . . .      Spirit   .    F - +0 plate armour
rPois   +          Reflect  .    h - +0 helmet
rElec   .          Harm     .    C - +0 cloak
rCorr   .          Rampage  .    Z - +2 pair of gloves
Will    .....                    j - +0 pair of boots Stlth
                                 (no amulet)
HPRegen 0.41/turn                E - ring of poison resistance
MPRegen 0.13/turn                (no ring)

@: lethally poisoned (-7 -> -10), on berserk cooldown, slowed, studying Long
Blades, very slow
A: repulsion field 1, demonic guardian 2, robust 2, spiny 2, weakness stinger 2
a: Renounce Religion, Berserk, Trog's Hand, Brothers in Arms


You were on level 5 of the Lair of Beasts.
You worshipped Trog.
Trog was extremely pleased with you.
You visited 2 branches of the dungeon, and saw 16 of its levels.

You collected 1230 gold pieces.

Inventory:

Hand Weapons
 p - a +0 spectral triple sword (weapon)
 P - a +3 whip
 T - a +2 long sword of electrocution
 U - a +2 great sword of venom
Missiles
 a - 5 silver javelins
 w - 26 poisoned darts
 B - 6 javelins (quivered)
 L - 2 throwing nets
Armour
 c - a +0 buckler
 h - a +0 helmet (worn)
 j - a +0 pair of boots (worn)
 C - a +0 cloak (worn)
 F - a +0 plate armour (worn)
 Z - a +2 pair of gloves (worn)
Jewellery
 b - a ring of protection from cold
 m - an amulet of guardian spirit
 n - an amulet of the acrobat
 E - a ring of poison resistance (left hand)
 H - an amulet of faith
Wands
 z - a wand of flame (94)
 M - a wand of digging (18)
 O - a wand of roots (3)
 R - a wand of charming (15)
 S - a wand of light (11)
 Y - a wand of mindburst (21)
Scrolls
 g - a scroll of fear
 i - 2 scrolls of summoning
 k - a scroll of magic mapping
 l - a scroll of silence
 o - a scroll of torment
 q - 5 scrolls of noise
 s - 10 scrolls of teleportation
 t - a scroll of poison
 y - 3 scrolls of vulnerability
 A - 2 scrolls of amnesia
 G - a scroll of enchant weapon {unknown}
 K - 2 scrolls of immolation
 Q - 2 scrolls of fog {unknown}
 W - 2 scrolls of enchant armour {unknown}
 X - a scroll of blinking
Potions
 d - 2 potions of might
 e - 5 potions of heal wounds
 f - 8 potions of curing
 u - 2 potions of invisibility
 v - 4 potions of magic
 x - 6 potions of haste
 D - 3 potions of flight
 J - a potion of cancellation
 N - 3 potions of ambrosia
Miscellaneous
 I - a phial of floods


   Skills:
 + Level 12.0 Fighting
 + Level 13.4 Long Blades
 + Level 11.0 Armour
 + Level 10.6 Dodging
 - Level 5.0 Shields


You had 12 spell levels left.
You didn't know any spells.
Your spell library was empty.

Dungeon Overview and Level Annotations

Branches:
Dungeon (11/15)            Temple (0/1) D:7            Lair (5/5) D:8
  Swamp (0/4) Lair:2       Spider (0/4) Lair:2          Orc (0/2) D:9
  Slime: Lair:4-5

Altars:
Fedhas
Gozag
Hepliaklqana
Kikubaaqudgha
Nemelex Xobeh
Trog
Uskayaw
Vehumet
Xom
Jiyva

Shops:
D:4 **   D:6 (


Innate Abilities, Weirdness & Mutations

You are surrounded by a mild repulsion field. (EV +2)
A demonic guardian rushes to your aid.
You are very robust. (+20% HP)
You are mostly covered in sharp spines.
You have a tail ending in a sharp stinger.


Message History

You feel extremely sick. Nessos is struck by your spines.
Nessos hits you but does no damage. Nessos closely misses you.
Nessos is struck by your spines.
Nessos closely misses you. x2; The spriggan rider throws a stone.
The stone hits you but does no damage. Nessos barely misses you.
Nessos kicks you but does no damage. The spriggan rider closely misses you.
Nessos closely misses you. Nessos kicks you but does no damage.
You hit Nessos but do no damage.
Nessos is heavily wounded.
Your +0 spectral triple sword hits Nessos!
You feel very sick. Nessos hits you but does no damage.
Nessos closely misses you. Nessos is struck by your spines. Nessos misses you.
Nessos kicks you but does no damage.
The boggart mumbles some strange words.
The boggart flickers and vanishes!
Nessos hits you but does no damage. Nessos kicks you but does no damage.
The spriggan rider hits you from afar with a +0 spear.
* * * LOW HITPOINT WARNING * * *
A demonic guardian appears!
Something hits you but does no damage.
The spriggan rider hits you but does no damage.
Nessos hits you but does no damage. Nessos kicks you but does no damage.
You hear an angry growl.
You slice Nessos!!
You kill Nessos!
Trog accepts your kill.
Trog appreciates your killing of a magic user.
You feel very sick. Something hits you but does no damage.
The spriggan rider barely misses you. Something hits you but does no damage.
You hit something.
Your tail-slap misses something.
You feel sick.
You hear some strange, mumbled words.
Send 'em back where they came from!
Trog shields your ally from puny magic!
The spriggan rider hits you but does no damage.
Something hits you.
* * * LOW HITPOINT WARNING * * *
A polar bear comes into view.
The spriggan rider hits you from afar with a +0 spear!!
You die...

## #..........<..###.###
#.##......../........##.
#............#.....P..#
#.#...........###.P.....#
#...i.#..†...## #.#......
. #.h......## ####.....
###i......# ###...
#.{#3....# #P..
###@§...## ##.. #...)...#
#... ####.....# ....
....... .... ....... ....
....... .... ....... _...
....... .... ....


You could see a spriggan rider (ally target), a polar bear and a friendly sun
demon (summoned).

Vanquished Creatures
  Kirke (Lair:4)
  Nessos (Lair:5)
  5 hydras
  2 boulder beetles
  4 death yaks (Lair:2)
  A two-headed ogre (D:8)
  A lindwurm (Lair:3)
  A cyclops (D:11)
  An oklob plant (Lair:2)
  6 elephants (Lair:1)
  3 black mambas
  11 cane toads
  2 torpor snails (Lair:4)
  10 komodo dragons
  3 rime drakes
  3 trolls
  5 polar bears
  A tyrant leech (Lair:2)
  3 hornets
  9 blink frogs (Lair:1)
  4 dream sheep
  A jumping spider (Lair:2)
  5 spriggans (Lair:5)
  3 wraiths
  3 wyverns
  3 steam dragons
  26 yaks
  Menkaure (D:7)
  A basilisk (Lair:3)
  4 vampire mosquitoes (D:10)
  A swamp worm (Lair:2)
  10 water moccasins
  Duvessa (D:7)
  8 ice beasts
  6 orc warriors
  A sky beast (D:8)
  5 black bears
  23 wolves
  2 ogres (D:4)
  A phantom (D:5)
  8 centaurs
  2 necrophages
  8 bullfrogs
  A gnoll sergeant (D:9)
  A kobold brigand (D:9)
  Blork the orc (D:6)
  7 scorpions
  4 wights (D:9)
  Dowan (D:7)
  3 killer bees (D:9)
  A howler monkey (D:11)
  2 electric eels
  2 hounds (D:6)
  4 jellies
  4 orc priests
  6 iguanas
  6 orc wizards
  4 hell rats (Lair:3)
  3 gnolls (D:5)
  10 adders
  2 shadow imps (D:7)
  2 white imps
  2 ufetubi
  A worm (D:5)
  2 dart slugs
  22 orcs
  2 endoplasms (D:2)
  4 giant cockroaches
  6 goblins
  8 hobgoblins
  3 jackals (D:2)
  3 quokkas
  8 ball pythons
  5 bats
  A frilled lizard (D:3)
  14 kobolds
  5 rats
350 creatures vanquished.

Vanquished Creatures (collateral kills)
  2 hydras
  A death yak (Lair:2)
  A polar bear (Lair:5)
  A dream sheep (Lair:3)
  A wyvern (Lair:2)
  4 yaks
  2 basilisks
  A wolf (D:8)
  An orc wizard (D:6)
  A goblin (D:4)
  A butterfly (Lair:3)
16 creatures vanquished.

Vanquished Creatures (others)
  5 humans (Lair:4)
  An orc (D:6)
  A quokka (D:6)
  41 fungi
  35 plants
83 creatures vanquished.

Grand Total: 449 creatures vanquished

Notes
Turn   | Place    | Note
-------+----------+-------------------------------------------
     0 | D:1      | Dartaoz the Demonspawn Fighter began the quest for the Orb.
     0 | D:1      | Reached XP level 1. HP: 18/18 MP: 1/1
    85 | D:1      | Reached skill level 2 in Long Blades
   401 | D:1      | Gained mutation: You are partially covered in sharp spines.
                  | [demonic ancestry]
   401 | D:1      | Reached XP level 2. HP: 24/24 MP: 2/2
   501 | D:1      | Found a faded altar of an unknown god.
   533 | D:1      | Prayed at the altar of an unknown god.
   533 | D:1      | Became a worshipper of Trog the Wrathful
   533 | D:1      | Reached * piety under Trog
   983 | D:2      | Reached skill level 3 in Long Blades
  1133 | D:2      | Gained mutation: You have a small tail. [demonic ancestry]
  1133 | D:2      | Reached XP level 3. HP: 29/29 MP: 3/3
  1209 | D:2      | Reached ** piety under Trog
  1662 | D:3      | Gained mutation: A weak demonic guardian rushes to your
                  | aid. [demonic ancestry]
  1662 | D:3      | Reached XP level 4. HP: 35/35 MP: 4/4
  2007 | D:3      | Reached skill level 4 in Long Blades
  2030 | D:3      | Found a blossoming altar of Fedhas.
  2038 | D:3      | Found a radiant altar of Vehumet.
  2326 | D:4      | Noticed a necrophage
  2339 | D:4      | Killed a necrophage
  2340 | D:4      | Reached skill level 5 in Long Blades
  2340 | D:4      | Gained mutation: You are mostly covered in sharp spines.
                  | [demonic ancestry]
  2340 | D:4      | Reached XP level 5. HP: 41/41 MP: 5/5
  2377 | D:4      | Noticed an ogre
  2387 | D:4      | Killed an ogre
  2400 | D:4      | Gained mutation: You are surrounded by a mild repulsion
                  | field. (EV +2) [demonic ancestry]
  2400 | D:4      | Reached XP level 6. HP: 17/47 MP: 6/6
  2523 | D:4      | Reached skill level 6 in Long Blades
  3021 | D:4      | Found Otokhim's General Store.
  3023 | D:4      | Found Giecuo's Specific Store.
  3244 | D:5      | Entered Level 5 of the Dungeon
  3253 | D:5      | Reached skill level 7 in Long Blades
  3253 | D:5      | Gained mutation: A demonic guardian rushes to your aid.
                  | [demonic ancestry]
  3253 | D:5      | Reached XP level 7. HP: 52/52 MP: 7/7
  3432 | D:5      | Found a hazy altar of Hepliaklqana.
  3435 | D:5      | Found a shimmering altar of Xom.
  3436 | D:5      | Noticed a spectral ugly thing
  3530 | D:5      | Reached skill level 1 in Dodging
  3864 | D:5      | Reached *** piety under Trog
  3912 | D:5      | Gained mutation: You have a tail ending in a sharp stinger.
                  | [demonic ancestry]
  3912 | D:5      | Reached XP level 8. HP: 60/60 MP: 8/8
  4475 | D:6      | Noticed Blork the orc
  4490 | D:6      | Killed Blork the orc
  4641 | D:6      | Found a sparkling altar of Nemelex Xobeh.
  4780 | D:6      | Found Nuoll's Weapon Shop.
  4942 | D:6      | Found an opulent altar of Gozag.
  5257 | D:7      | Noticed Duvessa
  5258 | D:7      | Noticed Dowan
  5266 | D:7      | Killed Duvessa
  5269 | D:7      | Reached skill level 5 in Fighting
  5271 | D:7      | Killed Dowan
  5274 | D:7      | Gained mutation: You are robust. (+10% HP) [demonic
                  | ancestry]
  5274 | D:7      | Reached XP level 9. HP: 74/74 MP: 9/9
  5347 | D:7      | Reached skill level 8 in Long Blades
  5819 | D:7      | Reached **** piety under Trog
  5837 | D:7      | Noticed Menkaure
  5841 | D:7      | Killed Menkaure
  5842 | D:7      | Reached skill level 5 in Armour
  5842 | D:7      | Reached skill level 5 in Shields
  6054 | D:7      | Found a staircase to the Ecumenical Temple.
  6176 | D:8      | Noticed a rime drake
  6181 | D:8      | Found a staircase to the Lair.
  6183 | D:8      | Killed a rime drake
  6213 | D:8      | Reached skill level 5 in Dodging
  6213 | D:8      | Reached XP level 10. HP: 60/84 MP: 10/10
  6336 | D:8      | Reached skill level 9 in Long Blades
  6340 | D:8      | Noticed a two-headed ogre
  6348 | D:8      | Killed a two-headed ogre
  7529 | D:9      | Found a staircase to the Orcish Mines.
  7860 | D:9      | You fall into a shaft and drop 1 floor!
  7860 | D:10     | Entered Level 10 of the Dungeon
  8520 | D:10     | Identified the +4 cloak "Mengik" {+Inv rElec rPois Dex-4}
  8711 | D:10     | Reached XP level 11. HP: 90/94 MP: 11/11
  9133 | D:11     | Reached skill level 10 in Long Blades
  9816 | Lair:1   | Entered Level 1 of the Lair of Beasts
 10028 | Lair:1   | Identified the +6 rapier of Dried Tears {heavy, rF+ rCorr}
 10676 | Lair:1   | Reached XP level 12. HP: 46/105 MP: 12/12
 11300 | Lair:2   | Noticed a death yak
 11300 | Lair:2   | Noticed a death yak
 11314 | Lair:2   | Noticed a death yak
 11314 | Lair:2   | Noticed a death yak
 11319 | Lair:2   | Noticed a death yak
 11324 | Lair:2   | Killed a death yak
 11331 | Lair:2   | Killed a death yak
 11332 | Lair:2   | Reached skill level 11 in Long Blades
 11334 | Lair:2   | Killed a death yak
 11340 | Lair:2   | Killed a death yak
 11351 | Lair:2   | Killed a death yak
 11352 | Lair:2   | Reached skill level 10 in Fighting
 12100 | Lair:2   | Noticed a five-headed hydra
 12595 | Lair:2   | Found an ancient bone altar of Kikubaaqudgha.
 12803 | Lair:2   | Killed a five-headed hydra
 13043 | Lair:2   | Found a hole to the Spider Nest.
 13043 | Lair:2   | Noticed a four-headed hydra
 13056 | Lair:2   | Killed a four-headed hydra
 13128 | Lair:2   | Noticed a four-headed hydra
 13142 | Lair:2   | Killed a four-headed hydra
 13269 | Lair:2   | Noticed an eight-headed hydra
 13283 | Lair:2   | Killed an eight-headed hydra
 13499 | Lair:2   | Found a staircase to the Swamp.
 13666 | Lair:3   | Noticed a boulder beetle
 13680 | Lair:3   | Killed a boulder beetle
 13681 | Lair:3   | Reached skill level 10 in Armour
 13681 | Lair:3   | Gained mutation: You are very robust. (+20% HP) [demonic
                  | ancestry]
 13681 | Lair:3   | Reached XP level 13. HP: 70/126 MP: 13/13
 13966 | Lair:3   | Identified a scroll of acquirement
 13967 | Lair:3   | Acquired a manual of Long Blades
 13998 | Lair:3   | Reached skill level 12 in Long Blades
 14764 | Lair:4   | Noticed Kirke
 14771 | Lair:4   | Killed Kirke
 15332 | Lair:4   | Reached skill level 10 in Dodging
 15347 | Lair:4   | Found a hide-covered altar of Uskayaw.
 16755 | Lair:5   | Entered Level 5 of the Lair of Beasts
 16755 | Lair:5   | Found a viscous altar of Jiyva.
 16819 | Lair:5   | Reached skill level 13 in Long Blades
 16905 | Lair:5   | Reached ***** piety under Trog
 16972 | Lair:5   | Paralysed by a hornet for 1 turns
 17251 | Lair:5   | Noticed Nessos
 17266 | Lair:5   | Killed Nessos
 17267 | Lair:5   | Mangled by a spriggan rider

Illustrated notes

Levels and vault maps discovered:
D:1:      scummos_arrival_simple_fountains, layout_loops_corners,
          ebering_ecumenical_altar_sacrificial, amcnicky_mini_pool_small,
          serial_bayou_pond_e, minivault_26, chequers_mini_garden
D:2:      layout_rooms, minmay_misc_feat_room, minivault_26, serial_park_tiny_2
D:3:      layout_loops_ring, amethyst_overflow_temple_binary,
          amcnicky_mini_rare_corridor_liquid,
          wander_ebering_terrifying_dragon_lair
D:4:      layout_basic, nicolae_specific_store
D:5:      kennysheep_six_static_rooms, layout_rooms,
          regret_index_temple_of_mockery, minmay_pentangle
D:6:      layout_basic, nemelex_xobeh_ov_fountains_minmay,
          nicolae_gozag_cash_rules_everything_around_me, elyvilon_altar_4,
          kennysheep_windowed_goal, uniq_blork_the_orc
D:7:      layout_loops_ring, kennysheep_little_box,
          minmay_temple_entry_enclosed_plants, enter_ossuary_1, uniq_duvessa,
          uniq_menkaure
D:8:      layout_loops_corners, hellmonk_lair_entry_icy
D:9:      layout_long_grid, orc_0_dummy, minivault_19, grunt_ministairs_1,
          kennysheep_generic_room_5
D:10:     layout_basic, minmay_fractal_squares_gapless_5
D:11:     layout_cave_pools, nicolae_sextant, minivault_14
Lair:1:   layout_long_grid, grunt_forest_small_clearings,
          gammafunk_lair_bear_cave, serial_bayou_shore_b, lemuel_fruit_fields
Lair:2:   layout_loops_ring, palyth_hydra_swamp_entry, spider_nest_entry_a,
          minmay_lair_oklob_items, lemuel_centaur_altar, serial_bayou_shore_b,
          grunt_megastairs_4, infiniplex_staircase_pool
Lair:3:   layout_chaotic_city, lemuel_fruit_fields, infiniplex_staircase_pool_2
Lair:4:   layout_layer_cave, basic_altar, minmay_shattered_shrine, uniq_kirke
Lair:5:   minmay_lair_end_enchanted_forest, layout_hall_layers, slime_entry_1,
          uniq_nessos, uniq_josephine

Skill      XL: |  1  2  3  4  5  6  7  8  9 10 11 12 13 |
---------------+----------------------------------------+-----
Long Blades    | 2 3 5 7 8 9 10 11 13 | 13.4
Armour         | 3 4 5 7 8 10 11 | 11.0
Dodging        | 2 3 5 6 8 9 10 | 10.6
Shields        | 3 4 5 |  5.0
Fighting       | 5 6 8 9 10 12 | 12.0

Action                   |  1- 3 |  4- 6 |  7- 9 | 10-12 | 13-15 || total
-------------------------+-------+-------+-------+-------+-------++-------
Melee: Long sword        |    78 |    74 |   208 |   399 |       ||   759
       Tailslap          |     2 |     9 |    40 |    61 |    27 ||   139
       Whip              |       |       |       |    32 |    11 ||    43
       Great sword       |       |       |       |    23 |    73 ||    96
       Triple sword      |       |       |       |       |    91 ||    91
Invok: Berserk           |       |     5 |     5 |    18 |     5 ||    33
       Trog's Hand       |       |       |     1 |     2 |     1 ||     4
  Use: Scroll            |       |       |     7 |    20 |     5 ||    32
       Potion            |       |       |       |     1 |       ||     1
 Stab: Distracted        |       |       |       |       |     3 ||     3
Armor: Scale mail        |    24 |    24 |     8 |       |       ||    56
       Plate armour      |       |       |    98 |   304 |   242 ||   644
Dodge: Dodged            |    29 |    34 |    44 |   269 |   156 ||   532
Block: Buckler           |    22 |    13 |    34 |   126 |       ||   195

Table legend: (Time is in decaauts)
 A = Elapsed time spent in this place.
 B = Non-inter-level travel time spent in this place.
 C = Inter-level travel time spent in this place.
 D = Time resting spent in this place.
 E = Time spent auto-exploring this place.
 F = Levels seen in this place.
 G = Mean time per level.
                   A        B        C        D        E       F      G
               +--------+--------+--------+--------+--------+-----+--------+
         Total |  17616 |  17000 |    616 |   1597 |  13122 |  16 | 1101.0 |
       Dungeon |  10107 |   9694 |    413 |    816 |   7560 |  11 |  918.8 |
          Lair |   7508 |   7306 |    202 |    780 |   5562 |   5 | 1501.6 |
               +--------+--------+--------+--------+--------+-----+--------+

Top non-repeatable levels by time:
  Lair:4: 2021 daAuts
  Lair:2: 1929 daAuts
  Lair:1: 1830 daAuts
     D:8: 1320 daAuts
     D:6: 1267 daAuts
  Lair:3: 1209 daAuts
     D:4: 996 daAuts
     D:1: 965 daAuts
     D:9: 959 daAuts
     D:3: 939 daAuts
     D:7: 896 daAuts
    D:10: 844 daAuts
     D:5: 770 daAuts
    D:11: 727 daAuts
  Lair:5: 518 daAuts
